 Dungeon Crawl Stone Soup version 0.30-b1-2-g02819fbbbe (webtiles) character file.

Game seed: 12250007044969387721

92 sanka the Shooter (level 4, -1/33 HPs)
             Began as a Demigod Enchanter on May 17, 2023.
             Slain by an orc wizard
             ... wielding a +0 dagger
              (3 damage)
             ... on level 3 of the Dungeon.
             The game lasted 00:02:13 (1769 turns).

sanka the Shooter (Demigod Enchanter)               Turns: 1769, Time: 00:02:14

Health: -1/33      AC:  3    Str:  9    XL:     4   Next: 13%
Magic:  9/9        EV: 12    Int: 17    God:
Gold:   146        SH:  0    Dex: 18    Spells: 6/6 levels left

rFire   . . .        p - +2 quarterstaff (chaos)
rCold   . . .        (shield currently unavailable)
rNeg    . . .        b - +0 robe
rPois   .            (no helmet)
rElec   .            q - +0 cloak
rCorr   .            (no gloves)
SInv    .            (no boots)
Will    .....        (no amulet)
Stlth   ++           (no ring)
HPRegen 0.25/turn    (no ring)
MPRegen 0.11/turn

%: no passive effects
@: no status effects
A: high MP 1, forlorn, divine attributes
a: no special abilities


You were on level 3 of the Dungeon.
You visited 1 branch of the dungeon, and saw 3 of its levels.

You collected 146 gold pieces.

Inventory:

Hand Weapons
 a - a +1 dagger
 p - a +2 quarterstaff of chaos (weapon)
 r - the +5 hammer of Sulphur {heavy, rElec rF+ Str+4 Dex-4 Stlth+}
   (You found it on level 2 of the Dungeon)

   Str:       It affects your strength (+4).
   Dex:       It affects your dexterity (-4).
   rF:        It protects you from fire.
   rElec:     It insulates you from electricity.
   Stlth:     It makes you more stealthy.
Armour
 b - a +0 robe (worn)
 q - a +0 cloak (worn)
Jewellery
 i - a +6 ring of dexterity
Scrolls
 d - a scroll of torment {unknown}
 g - 2 scrolls of noise {unknown}
 h - a scroll of fear {unknown}
 k - a scroll of immolation {unknown}
 l - 4 scrolls of identify {unknown}
 m - a scroll of amnesia {unknown}
 o - 2 scrolls of silence {unknown}
Potions
 c - 2 potions of invisibility
 e - 2 potions of brilliance {unknown}
 f - a potion of haste {unknown}
 j - 2 potions of curing {unknown}
 n - a potion of heal wounds {unknown}


   Skills:
 - Level 0.8 Short Blades
 + Level 3.7 Ranged Weapons
 - Level 1.7 Dodging
 - Level 2.6 Stealth
 - Level 1.7 Spellcasting
 - Level 2.6 Hexes


You had 6 spell levels left.
You didn't know any spells.
Your spell library contained the following spells:

 Spells                   Type           Power      Damage    Failure   Level
 Ensorcelled Hibernation  Hex/Ice        12%        N/A       17%         2
 Confusing Touch          Hex            10%        N/A       21%         3
 Tukima's Dance           Hex            10%        N/A       21%         3
 Sublimation of Blood     Necr           1%         N/A       30%         2
 Wereblood                Tmut           1%         N/A       30%         2
 Dazzling Flash           Conj/Hex       12%        N/A       34%         3
 Summon Hydra             Summ           0%         N/A       100%        7


Dungeon Overview and Level Annotations

Branches:
Dungeon (3/15)


Innate Abilities, Weirdness & Mutations

You have an increased reservoir of magic. (+10% MP)
You shall have no god before yourself.
Your divine heritage dramatically boosts your attributes as you level up.


Message History

The magic dart hits you but does no damage.
Things that are here:
a +0 hand axe; an orc corpse You barely miss something.
Something hits you but does no damage.
You closely miss something. Something hits you. x2
You barely miss something. Something hits you.
You barely miss something.
You hear some strange, mumbled words.
You are confused.
You bump into the rock wall.
Something hits you.
You miss something. Something hits you.
You hear some strange, mumbled words.
A puff of flame appears from out of thin air!
The puff of flame misses you.
You closely miss something.
You hear some strange, mumbled words.
A magic dart appears from out of thin air!
The magic dart hits you!
You hit something. You freeze something. Something hits you.
You bump into the rock wall.
Something hits you.
You bump into the rock wall.
You hear some strange, mumbled words.
A magic dart appears from out of thin air!
The magic dart hits you!
* * * LOW HITPOINT WARNING * * *
You closely miss something.
You feel less confused.
An orc wizard appears from thin air!
Reactivating autopickup.
The orc wizard closely misses you. x2
Unknown command.
You closely miss the orc wizard.
The orc wizard is severely wounded.
The orc wizard hits you with a +0 dagger.
* * * LOW HITPOINT WARNING * * *
Unknown command.
You closely miss the orc wizard.
The orc wizard is severely wounded.
The orc wizard hits you with a +0 dagger.
You die...

#.# #.# #.# #.#
#####.#####
#.........# #+##
#.###.###.# #...##
#...##)###.....## #
#...##@##.......#
###.##...##o#.........
........<...'...{..o..
###.........#.........
#####.######.......#
#.# ##.....## #.#
#...## #.# #+## #.#
#.#


You could see an orc wizard.

Vanquished Creatures
  Crazy Yiuf (D:2)
  2 adders (D:2)
  A dart slug (D:2)
  An orc (D:3)
  6 bats
  3 endoplasms
  A giant cockroach (D:1)
  3 hobgoblins
  A quokka (D:2)
  5 ball pythons
  3 frilled lizards
  6 goblins
  7 kobolds
  2 rats
42 creatures vanquished.

Notes
Turn   | Place    | Note
-------+----------+-------------------------------------------
     0 | D:1      | sanka the Demigod Enchanter began the quest for the Orb.
     0 | D:1      | Reached XP level 1. HP: 14/14 MP: 5/5
    56 | D:1      | Reached skill level 1 in Ranged Weapons
   156 | D:1      | Reached XP level 2. HP: 12/20 MP: 7/7
   328 | D:1      | Reached skill level 2 in Ranged Weapons
   737 | D:2      | Reached XP level 3. HP: 26/26 MP: 8/8
   892 | D:2      | Reached skill level 3 in Ranged Weapons
   970 | D:2      | Found a runed translucent door.
   971 | D:2      | Noticed Crazy Yiuf
  1624 | D:2      | Killed Crazy Yiuf
  1625 | D:2      | Reached XP level 4. HP: 25/33 MP: 9/9
  1634 | D:2      | Identified the +5 hammer of Sulphur {heavy, rElec rF+ Str+4
                  | Dex-4 Stlth+}
  1769 | D:3      | Slain by an orc wizard

Illustrated notes

Levels and vault maps discovered:
D:1:      minmay_arrival_arboretum_small, layout_basic,
          hangedman_decor_peaks_small, minmay_pentomino_w2
D:2:      layout_loops_cross, basic_altar, uniq_crazy_yiuf_cottage
D:3:      layout_loops_corners, uniq_sigmund

Skill      XL: |  1  2  3 |
---------------+----------+-----
Ranged Weapons | 1 2 3 |  3.7
Short Blades   | |  0.8
Dodging        | |  1.7
Stealth        | |  2.6
Spellcasting   | |  1.7
Hexes          | |  2.6

Action                     |  1- 3 |  4- 6 || total
---------------------------+-------+-------++-------
  Melee: Dagger            |   105 |       ||   105
         Punch             |     2 |       ||     2
         Quarterstaff      |       |    12 ||    12
    Use: Potion            |     1 |       ||     1
   Stab: Sleeping          |    11 |     1 ||    12
 Armour: Robe              |    17 |     3 ||    20
  Dodge: Dodged            |    48 |     4 ||    52
